 Dungeon Crawl Stone Soup version 0.31-a0-1057-g70f3316b05 (webtiles) character file.

Game seed: 531630456820095546

726794 dranitski the Conqueror (level 27, -3/267 (273) HPs)
             Began as a Minotaur Berserker on Nov 20, 2023.
             Was the Champion of Uskayaw.
             Drowned by a water elemental (5 damage)
             ... summoned by an elemental wellspring
             ... on level 4 of Cocytus on Nov 21, 2023.
             The game lasted 05:40:20 (81628 turns).

dranitski the Conqueror (Minotaur Berserker)       Turns: 81628, Time: 05:40:21

HP:   -3/267 (273)  AC: 56    Str: 40    XL:     27
MP:   42/42         EV: 15    Int:  3    God:    Uskayaw [******]
Gold: 1605          SH:  0    Dex: 10    Spells: 26/26 levels left

rFire   + . .        C - +8 pair of quick blades "Gyre" and "Gimble" {protect}
rCold   + + +        (shield currently unavailable)
rNeg    + + +        i - +12 plate armour of Experimentation {Contam rElec rF+ Will+}
rPois   +            B - +3 hat of Pondering {ponderous, Will+ MP+10 Int+5}
rElec   +            g - +0 cloak {rPois}
rCorr   +            r - +2 pair of gloves of Blue Skies {rN++}
SInv    .            a - +0 pair of boots of the Lotus Blossom {rC++ Will+ Regen+ Dex-5}
Will    +++++        F - necklace of Bloodlust {Fury *Rage Will++ Int-3 Slay+6} Stlth
                     Y - ring "Fogguen" {rC+ rN+ AC+4}
HPRegen 1.44/turn    H - ring of Mafujoj {rCorr Dex+6 Stlth+}
MPRegen 0.28/turn

%: random rage (50%)
@: marked, engulfed (cannot breathe), under a protective aura, on berserk
cooldown, slowed, lightly drained, unable to drink, very slow
A: horns 2, retaliatory headbutt, deterioration 1, dopey 1, low MP 1, mutation
resistance 1, passive freeze, strong 1
}: 5/15 runes: serpentine, barnacled, slimy, silver, abyssal
a: Renounce Religion, Stomp, Line Pass, Grand Finale


You were on level 4 of Cocytus.
You worshipped Uskayaw.
Uskayaw was greatly pleased with you.
You visited 13 branches of the dungeon, and saw 59 of its levels.
You visited the Abyss 2 times.
You visited 1 bazaar.
You also visited: Trove and Bailey.

You collected 10021 gold pieces.
You spent 8416 gold pieces at shops.

Inventory:

Hand Weapons
 C - the +8 pair of quick blades "Gyre" and "Gimble" (weapon) {protect}
   (You found it on level 7 of the Dungeon)
 T - the +1 orcbow of the Magi {heavy, +Blink rF+ Str+3}
   (You bought it in a shop on level 2 of the Elven Halls)

   Str+3:     It affects your strength (+3).
   rF+:       It protects you from fire.
   +Blink:    It lets you blink.
Missiles
 s - 30 boomerangs (quivered)
 y - 9 javelins
 z - 25 silver javelins
 L - a throwing net
Armour
 a - the +0 pair of boots of the Lotus Blossom (worn) {rC++ Will+ Regen+ Dex-5}
   (You acquired it on level 1 of the Elven Halls)

   Dex-5:     It affects your dexterity (-5).
   rC++:      It greatly protects you from cold.
   Will+:     It increases your willpower.
   Regen+:    It increases your rate of health regeneration.
 g - a +0 cloak of poison resistance (worn)
 i - the +12 plate armour of Experimentation (worn) {Contam rElec rF+ Will+}
   (You took it off an orc warlord on level 2 of the Vaults)

   rF+:       It protects you from fire.
   rElec:     It insulates you from electricity.
   Will+:     It increases your willpower.
   Contam:    It causes magical contamination when unequipped.
 r - the +2 pair of gloves of Blue Skies (worn) {rN++}
   (You acquired it on level 14 of the Dungeon)

   rN++:      It greatly protects you from negative energy.
 w - a +2 cloak of willpower
 B - the +3 hat of Pondering (worn) {ponderous, Will+ MP+10 Int+5}
   (You found it on level 3 of the Depths)

   Int+5:     It affects your intelligence (+5).
   Will+:     It increases your willpower.
   MP+10:     It affects your magic capacity (+10).
Jewellery
 b - the ring of Zammeloc {rPois Will+}
   (You took it off a yaktaur on level 12 of the Dungeon)

   [ring of willpower]

   rPois:     It protects you from poison Will+: It increases your willpower.
 f - a ring of see invisible
 q - the ring of the Hare {EV+10}
   (You bought it in a shop in a bazaar)

   [ring of evasion]

   EV+10:     It affects your evasion (+10).
 F - the necklace of Bloodlust (around neck) {Fury *Rage Will++ Int-3 Slay+6}
   (You bought it in a shop on level 3 of the Depths)

   [amulet of nothing]

   Fury:      It extends the wearer's berserk rage when killing foes.
   Int-3:     It affects your intelligence (-3).
   Slay+6:    It affects your accuracy & damage with ranged weapons and melee
   (+6).
   Will++:    It greatly increases your willpower.
   *Rage:     It berserks you when you make melee attacks (+50% chance).
 H - the ring of Mafujoj (right hand) {rCorr Dex+6 Stlth+}
   (You found it on level 9 of the Dungeon)

   [ring of dexterity]

   Dex+6:     It affects your dexterity (+6).
   rCorr:     It protects you from acid and corrosion.
   Stlth+:    It makes you more stealthy.
 Q - the ring "Circhis" {rF++ Str+2 SInv}
   (You bought it in a shop on level 3 of the Depths)

   [ring of see invisible]

   Str+2:     It affects your strength (+2).
   rF++:      It greatly protects you from fire.
   SInv:      It lets you see invisible.
 Y - the ring "Fogguen" (left hand) {rC+ rN+ AC+4}
   (You took it off a yaktaur captain on level 5 of the Vaults)

   [ring of protection]

   AC+4:      It affects your AC (+4).
   rC+:       It protects you from cold.
   rN+:       It protects you from negative energy.
Wands
 G - a wand of charming (54)
 I - a wand of mindburst (42)
 M - a wand of light (32)
 P - a wand of digging (45)
 U - a wand of roots (39)
Scrolls
 e - 9 scrolls of silence
 j - 9 scrolls of blinking
 k - 3 scrolls of noise
 n - 7 scrolls of teleportation
 t - 10 scrolls of fog
 D - 5 scrolls of fear
 R - 5 scrolls of revelation
 S - 13 scrolls of immolation
Potions
 d - 19 potions of curing
 h - 10 potions of mutation
 l - 5 potions of magic
 m - 12 potions of haste
 o - 7 potions of cancellation
 p - 3 potions of ambrosia
 u - 12 potions of lignification
 x - 6 potions of enlightenment
 A - 16 potions of heal wounds
 E - 12 potions of attraction
 J - 4 potions of resistance
 K - 7 potions of brilliance
 N - 8 potions of might
 O - 8 potions of invisibility
Miscellaneous
 V - the horn of Geryon
 Z - a condenser vane


   Skills:
 O Level 27 Fighting
 - Level 21.7 Short Blades
 - Level 15.0 Polearms
 + Level 22.4 Throwing
 O Level 27 Armour
 - Level 16.0 Dodging
 * Level 20.2 Invocations
 - Level 10.3 Evocations


You had 26 spell levels left.
You didn't know any spells.
Your spell library contained the following spells:

 Spells                   Type           Power      Damage    Failure   Level
 Apportation              Tloc           0%         N/A       78%         1
 Foxfire                  Conj/Fire      0%         2x1d4     78%         1
 Magic Dart               Conj           0%         1d3       78%         1
 Necrotise                Necr           0%         1d4       78%         1
 Shock                    Conj/Air       0%         1d3       78%         1
 Slow                     Hex            0%         N/A       78%         1
 Sting                    Tmut/Pois      0%         1d3       78%         1
 Summon Small Mammal      Summ           0%         N/A       78%         1
 Blink                    Tloc           0%         N/A       89%         2
 Cigotuvi's Dreadful Rot  Necr/Pois/Air  0%         N/A       89%         2
 Ensorcelled Hibernation  Hex/Ice        0%         N/A       89%         2
 Momentum Strike          Conj/Tloc      0%         3d8       89%         2
 Passwall                 Tmut/Erth      0%         N/A       89%         2
 Poisonous Vapours        Pois/Air       0%         N/A       89%         2
 Sublimation of Blood     Necr           0%         N/A       89%         2
 Call Canine Familiar     Summ           0%         N/A       98%         3
 Confusing Touch          Hex            0%         N/A       98%         3
 Dazzling Flash           Conj/Hex       0%         N/A       98%         3
 Gell's Gravitas          Tloc           0%         N/A       98%         3
 Ignite Poison            Fire/Tmut/Pois 0%         N/A       98%         3
 Inner Flame              Hex/Fire       0%         N/A       98%         3
 Ozocubu's Armour         Ice            0%         N/A       98%         3
 Sigil of Binding         Hex            0%         N/A       98%         3
 Stone Arrow              Conj/Erth      0%         3d7       98%         3
 Swiftness                Air            0%         N/A       98%         3
 Teleport Other           Tloc           0%         N/A       98%         3
 Tukima's Dance           Hex            0%         N/A       98%         3
 Vampiric Draining        Necr           0%         2d6       98%         3
 Volatile Blastmotes      Fire/Tloc      0%         2d10      98%         3
 Anguish                  Hex/Necr       0%         N/A       100%        4
 Animate Dead             Necr           0%         N/A       100%        4
 Dimensional Bullseye     Hex/Tloc       0%         N/A       100%        4
 Dispel Undead            Necr           0%         3d6       100%        4
 Fulminant Prism          Conj/Hex       0%         3d5       100%        4
 Iskenderun's Mystic Bla  Conj/Tloc      0%         2d3       100%        4
 Leda's Liquefaction      Hex/Erth       0%         N/A       100%        4
 Manifold Assault         Tloc           0%         N/A       100%        4
 Olgreb's Toxic Radiance  Pois           0%         N/A       100%        4
 Passage of Golubria      Tloc           0%         N/A       100%        4
 Sticky Flame             Conj/Fire      0%         2d3       100%        4
 Agony                    Necr           0%         N/A       100%        5
 Borgnjor's Vile Clutch   Necr/Erth      0%         N/A       100%        5
 Freezing Cloud           Conj/Ice/Air   0%         6-21      100%        5
 Iskenderun's Battlesphe  Conj           0%         2d6       100%        5
 Silence                  Hex/Air        0%         N/A       100%        5
 Summon Forest            Summ/Tloc      0%         N/A       100%        5
 Yara's Violent Unravell  Hex/Tmut       0%         3d3       100%        5
 Bombard                  Conj/Erth      0%         9d1       100%        6
 Death Channel            Necr           0%         N/A       100%        6
 Dispersal                Tloc           0%         N/A       100%        6
 Eringya's Noxious Bog    Tmut/Pois      0%         4d6       100%        6
 Plasma Beam              Fire/Air       0%         2x1d10    100%        6
 Simulacrum               Ice/Necr       0%         N/A       100%        6
 Enfeeble                 Hex            0%         N/A       100%        7
 Haunt                    Necr/Summ      0%         N/A       100%        7
 Monstrous Menagerie      Summ           0%         N/A       100%        7
 Orb of Destruction       Conj           0%         9d5       100%        7
 Spellforged Servitor     Conj/Summ      0%         N/A       100%        7
 Summon Hydra             Summ           0%         N/A       100%        7
 Disjunction              Tloc           0%         N/A       100%        8
 Ignition                 Fire           0%         3d3       100%        8
 Infestation              Necr           0%         N/A       100%        8


Dungeon Overview and Level Annotations

Branches:
Dungeon (15/15)            Temple (0/1) D:5            Lair (5/5) D:11
 Shoals (4/4) Lair:2        Snake (4/4) Lair:2        Slime (5/5) Lair:4
    Orc (2/2) D:9             Elf (3/3) Orc:2        Vaults (5/5) D:14
  Crypt (3/3) Vaults:2       Tomb (0/3) Crypt:3      Depths (4/4) D:15
   Hell (visited)             Dis (0/7) Hell            Geh (0/7) Hell
    Coc (4/7) Hell            Tar (0/7) Hell            Zot (4/5) Depths:4
 Bailey (visited)

Altars:
Ashenzari
Cheibriados
Dithmenos
Elyvilon
Fedhas
Kikubaaqudgha
Nemelex Xobeh
Okawaru
Ru
Sif Muna
Trog
Uskayaw
Vehumet
Yredelemnul
Zin
The Shining One
Jiyva

Shops:
D:10 (   D:11 =   D:12 (   D:13 (   Orc:1 [*(!?   Orc:2 ?:(!   Elf:2 (
Elf:3 [   Snake:2 *   Vaults:1 !:   Vaults:3 *   Vaults:4 *   Depths:1 (*
Depths:3 =:=

Portals:
Hell: Depths:1 Depths:2 Depths:3 Depths:4
Abyss: Depths:1 Depths:3
Pandemonium: Depths:2
Ziggurat: Depths:4

Annotations:
Depths:4 !grab rElec and can switch to gold dragon scales


Innate Abilities, Weirdness & Mutations

You have a pair of horns on your head.
You reflexively headbutt those who attack you in melee.
Your body sometimes deteriorates upon taking damage.
You are dopey. (Int -2)
Your magical capacity is low. (-10% MP)
You are somewhat resistant to further mutation.
A frigid envelope surrounds you and freezes all who hurt you.
Your muscles are strong. (Str +4, Int/Dex -1)


Message History

The water elemental is engulfed in freezing vapours.
The water elemental hits you.
The water elemental is very cold.
You destroy the water elemental!
The water elemental disappears in a puff of smoke!
The freezing wraith hits you.
* * * LOW HITPOINT WARNING * * *
The freezing wraith freezes you. You resist.
* * * LOW HITPOINT WARNING * * *
The freezing wraith completely resists.
The freezing wraith completely misses you.
The wendigo splashes around in the water.
The wendigo bites you but does no damage.
The wendigo completely resists.
You puncture the wendigo! x2; Your headbutt misses the wendigo.
You hit the wendigo but do no damage. Your headbutt misses the wendigo.
You miss the wendigo. You headbutt the wendigo!
The wendigo is almost dead.
* * * LOW HITPOINT WARNING * * *
Your lungs strain for air!
The water elemental completely misses you.
The water elemental hits you!
* * * LOW HITPOINT WARNING * * *
The water elemental is very cold.
The water elemental is heavily damaged.
It's too cold; everything's frozen solid!
Your unstable footing causes you to fumble your attack.
* * * LOW HITPOINT WARNING * * *
Your lungs strain for air!
The wendigo barely misses you. You furiously retaliate!
You headbutt the wendigo!
You kill the wendigo!
The freezing wraith hits you but does no damage.
The freezing wraith completely resists.
The freezing wraith hits you but does no damage.
The freezing wraith completely resists.
You cannot read scrolls while unable to breathe!
Okay, then.
You puncture the freezing wraith! You headbutt the freezing wraith!
You destroy the freezing wraith!
You die...

#≈≈ #≈≈≈≈≈≈≈≈~~≈≈≈≈≈§§≈≈
#≈≈ ##≈≈≈≈≈≈R~≈R~~≈≈≈≈≈~
#≈≈##≈≈≈....9.≈≈≈E~~.9..
#≈≈≈≈≈≈.........§§§.E.§.
#≈≈≈≈≈≈....#....§≈§.§...
#≈≈~~~~~.~~~###~°§≈≈....
##~~~≈≈≈≈≈ZE~..~~~§≈≈W≈Z.
#≈≈≈≈≈∩≈≈EZJZ..~~~≈≈≈§≈≈.
#≈≈≈≈....@≈≈≈..≈≈≈≈≈≈≈≈≈~
#≈≈≈†...E~~≈≈≈≈≈≈≈≈≈≈≈≈≈~
#≈≈≈.###~~~≈≈≈≈≈≈#≈≈≈≈≈≈Z
#≈≈.#####~~≈≈≈####≈≈≈≈...
##≈≈.##...≈≈≈≈≈# ≈E≈≈≈≈≈
###.....≈≈≈≈≈≈≈# ≈#≈≈≈≈≈
#...####≈≈≈≈≈≈ ###≈≈≈#
##### ######


You could see 2 wendigos, an azure jelly, an elemental wellspring, a nargun, 2
water elementals, a spriggan defender simulacrum and 2 titan simulacra.

Vanquished Creatures
  the Royal Jelly (Slime:5)
  4 dread liches
  2 ancient liches
  2 orbs of fire (Zot:2)
  The ghost of Toime the Minotaur Barricade, a legendary MiFi of the Shining One (Zot:2)
  Mara (Vaults:2)
  Mennas (Vaults:3)
  A juggernaut (Depths:2)
  Sojobo (Depths:2)
  2 shard shrikes (Coc:4)
  Margery (Depths:2)
  Frederick (Crypt:1)
  Xtahua (Vaults:3)
  Vashnia (Snake:4)
  A caustic shrike (Depths:3)
  Geryon (Hell)
  The ghost of christhawk the Slayer, an adept MiHu of Okawaru (Vaults:2)
  6 golden dragons
  Jory (Vaults:4)
  4 bone dragons
  The ghost of foobar1000 the Acrobat, a veteran SpHu of Okawaru (Vaults:1)
  Jorgrun (D:13)
  4 Ice Fiends
  A hellephant (Abyss:3)
  A walking crystal tome (Depths:4)
  15 tentacled monstrosities
  6 liches
  7 quicksilver dragons
  2 deep elf blademasters (Elf:3)
  Murray (Hell)
  A walking earthen tome (Depths:3)
  6 titans
  11 acid blobs
  2 deep elf master archers (Elf:3)
  8 death cobs
  2 krakens
  A walking divine tome (Depths:2)
  Kirke (D:12)
  9 tentacled starspawn
  2 sphinxes
  Agnes (Snake:4)
  The ghost of Ratslayer the Impaler, an adept MiBe of Trog (Elf:2)
  7 ancient champions
  11 shadow dragons
  11 storm dragons
  6 tengu reavers
  4 draconian monks
  Aizul (Shoals:4)
  12 azure jellies
  11 rockslimes
  A revenant (Crypt:2)
  Roxanne (Snake:1)
  6 nagarajas
  8 fire giants
  7 narguns
  5 draconian scorchers
  9 frost giants
  7 draconian knights
  A deep elf sorcerer (Vaults:5)
  17 vault wardens
  7 shard shrike simulacra
  A spectral juggernaut (Depths:4)
  3 curse skulls
  A caustic shrike zombie (Crypt:2)
  2 angels
  4 orc warlords
  5 deep elf elementalists (Elf:3)
  A cacodemon (Hell)
  7 ghouls
  A juggernaut skeleton (Hell)
  4 draconian stormcallers
  7 formless jellyfish
  6 war gargoyles
  3 draconian shifters
  11 quicksilver oozes
  8 reapers
  39 stone giants
  2 draconian annihilators
  18 very ugly things
  An apis (Shoals:4)
  27 ironbound preservers
  2 deep elf demonologists (Elf:3)
  4 ironbound thunderhulks
  9 vampire knights
  7 purple draconians
  10 elemental wellsprings
  2 grey draconians (Depths:4)
  10 black draconians
  7 deep elf annihilators (Elf:3)
  An eleionoma (shapeshifter) (Vaults:5)
  14 dire elephants
  4 green draconians
  10 spark wasps
  10 white draconians
  Azrael (Elf:1)
  6 wendigos
  6 yellow draconians
  7 red draconians
  2 blizzard demons (Hell)
  4 eidola
  20 ettins
  7 deep elf death magi
  8 crystal guardians
  8 jiangshi
  5 fire dragons
  5 merfolk javelineers (Shoals:4)
  3 entropy weavers
  7 merfolk impalers
  5 deep elf high priests
  8 ice dragons
  12 yaktaur captains
  Josephine (D:12)
  37 vault guards
  10 great orbs of eyes
  7 hydras
  3 salamander tyrants
  A juggernaut simulacrum (Coc:1)
  7 caustic shrike simulacra
  Erolcha (Orc:2)
  4 rakshasas
  A hell beast (Depths:4)
  2 peacekeepers (Vaults:3)
  A quicksilver dragon skeleton (Crypt:3)
  13 centaur warriors
  A catoblepas (D:12)
  2 spriggan skeletons (Crypt:3)
  10 merfolk aquamancers
  A merfolk avatar (Shoals:3)
  2 alligator snapping turtles (Shoals:4)
  6 ogre magi
  6 two-headed ogres
  8 anacondas
  2 satyrs (Shoals:3)
  Erica (D:8)
  5 spriggan air magi
  4 boulder beetles
  13 ironbound frosthearts
  2 death knights
  8 deep troll earth magi
  15 deep troll shamans
  13 hell hogs
  The ghost of kskgo the Nimble, a journeyman DjFE of Nemelex Xobeh (Lair:1)
  34 dancing weapons
  2 occultists (Depths:2)
  15 naga warriors
  13 death yaks
  An orc high priest (Vaults:2)
  4 tengu warriors
  5 vampire magi
  A shock serpent (shapeshifter) (Abyss:3)
  5 spriggan berserkers
  2 titan zombies
  10 thrashing horrors
  2 demonic crawlers
  11 deep elf knights
  4 shock serpents
  7 soul eaters
  7 sun demons (Hell)
  A storm dragon zombie (D:15)
  16 naga sharpshooters
  3 wretched stars (Abyss:3)
  2 shadow wraiths
  38 hell knights
  2 fire crabs (Shoals:1)
  6 salamander mystics
  38 skeletal warriors
  A storm dragon skeleton (Crypt:3)
  3 cherubim (Shoals:4)
  11 iron trolls
  15 sea snakes
  Lodul (D:12)
  2 sixfirhies (Hell)
  8 skysharks
  6 spatial maelstroms (Abyss:3)
  An anaconda zombie (Hell)
  4 glowing orange brains
  2 flayed ghosts
  A golden dragon zombie (Crypt:3)
  A deep troll (shapeshifter) (Vaults:3)
  72 deep trolls
  An orb spider (shapeshifter) (Vaults:1)
  A bunyip skeleton (Crypt:3)
  7 arcanists
  2 swamp dragons (shapeshifter)
  3 bog bodies
  11 deep elf archers
  23 ironbound convokers
  4 spriggan simulacra (Coc:3)
  4 naga ritualists
  17 orc knights
  33 starcursed masses
  A harpy (shapeshifter) (D:12)
  11 lindwurms
  A wolf spider (shapeshifter) (Vaults:2)
  21 harpies
  A wolf spider zombie (Crypt:1)
  12 large abominations
  A fenstrider witch simulacrum (Hell)
  22 necromancers
  29 ugly things
  An anaconda skeleton (Hell)
  An iron dragon zombie (Abyss:3)
  31 deep elf zephyrmancers
  An alligator zombie (Hell)
  10 phantasmal warriors
  7 shining eyes
  31 deep elf pyromancers
  An oklob plant (Lair:4)
  10 orc sorcerers
  4 fauns (Shoals:3)
  A wolf spider (Vaults:5)
  8 mana vipers
  13 moths of wrath
  24 cyclopes
  13 manticores
  A manticore (shapeshifter) (Vaults:5)
  A will-o-the-wisp (Abyss:3)
  18 salamanders
  Maurice (D:9)
  6 elephants
  26 black mambas
  2 alligator skeletons (Hell)
  A jorogumo skeleton (Crypt:1)
  5 molten gargoyles
  3 rust devils
  A worldbinder (Abyss:3)
  A centaur zombie (Crypt:2)
  Joseph (D:9)
  4 water nymphs
  A stone giant skeleton (Crypt:2)
  A black mamba (shapeshifter) (D:12)
  An apocalypse crab (Abyss:3)
  6 eyes of devastation
  12 merfolk sirens
  13 cane toads
  18 naga magi
  18 vault sentinels
  2 gargoyles
  2 torpor snails
  3 titan simulacra
  13 smoke demons
  4 orange demons
  A guardian serpent (Abyss:3)
  Jeremiah (D:8)
  3 efreet
  An unseen horror (shapeshifter) (Elf:1)
  4 hellions
  An elephant slug zombie (Crypt:2)
  3 rime drakes
  An unseen horror (D:11)
  A rime drake (shapeshifter) (Elf:1)
  6 komodo dragons
  A yellow draconian zombie (Crypt:2)
  2 kobold demonologists
  8 freezing wraiths
  33 yaktaurs
  3 bunyip simulacra
  An iron giant simulacrum (Coc:4)
  2 ice devils (Hell)
  A sea snake zombie (Crypt:2)
  6 tengu conjurers
  A sea snake skeleton (Hell)
  2 tormentors (Abyss:3)
  3 hydra zombies
  8 trolls
  5 anaconda simulacra
  An elf skeleton (Vaults:2)
  A wind drake (shapeshifter) (D:7)
  A yaktaur skeleton (Vaults:2)
  25 merfolk
  6 hornets
  9 ancient zymes
  A hornet (shapeshifter) (D:12)
  A meliai (shapeshifter) (D:13)
  2 harpy skeletons (Crypt:3)
  A human skeleton (Vaults:2)
  A hydra skeleton (Hell)
  12 blink frogs
  An ettin zombie (Crypt:3)
  A tarantella zombie (Crypt:1)
  5 snapping turtles
  8 wind drakes
  17 polar bears
  A blink frog (shapeshifter) (D:15)
  25 raiju
  Prince Ribbit (D:5)
  Grinder (D:5)
  6 glass eyes
  A tarantella (shapeshifter) (Elf:1)
  A death drake skeleton (Crypt:2)
  An ice dragon zombie (Crypt:3)
  A glass eye (shapeshifter) (Vaults:5)
  51 flying skulls
  A fire dragon zombie (Hell)
  17 dream sheep
  2 iron dragon simulacra
  4 spriggan zombies
  124 slime creatures
  2 ettin skeletons
  15 spriggans
  A shadow (D:12)
  7 air elementals
  6 wyverns
  3 dire elephant simulacra
  2 vampires (D:12)
  11 fire elementals
  A hog (shapeshifter) (Elf:3)
  93 yaks
  A culicivora (shapeshifter) (Abyss:2)
  4 ynoxinuls (Abyss:3)
  21 water elementals
  7 basilisks
  A spriggan (shapeshifter) (Elf:2)
  2 fire bats (shapeshifter)
  12 wraiths
  6 fire bats
  5 hogs
  A human (Depths:1)
  The ghost of Azuvok the Chopper, an amateur MiGl (D:3)
  4 chaos spawn
  A redback (shapeshifter) (Vaults:2)
  4 neqoxecs
  A sea snake simulacrum (Hell)
  4 redbacks
  5 vampire mosquitoes
  14 harpy simulacra
  41 nagas
  3 spatial vortices (Abyss:3)
  9 wargs
  A hydra simulacrum (Coc:4)
  4 acid dragons
  12 hell hounds
  11 water moccasins
  An ice beast (Abyss:3)
  23 orc warriors
  2 ettin simulacra (Coc:2)
  20 black bears
  21 ogres
  11 boggarts
  35 wolves
  A blink frog zombie (Crypt:1)
  2 swamp dragon skeletons (Crypt:2)
  4 centaurs
  2 phantoms
  A draconian zombie (Crypt:1)
  5 bullfrogs
  10 kobold brigands
  5 naga simulacra
  3 earth elementals
  4 gnoll sergeants
  6 scorpions
  A wyvern zombie (Crypt:1)
  A draconian skeleton (Crypt:2)
  16 small abominations
  9 wights
  A warg zombie (Crypt:2)
  A queen bee zombie (Crypt:1)
  A hornet simulacrum (D:15)
  A yak zombie (Crypt:1)
  A yak skeleton (Crypt:2)
  4 electric eels
  6 howler monkeys
  3 quasits (Abyss:3)
  4 hounds
  3 gnoll boudas
  18 orc priests
  5 iron imps
  4 sleepcaps
  7 hell rats (Hell)
  8 iguanas
  26 orc wizards
  3 centaur simulacra
  A howler monkey skeleton (Crypt:1)
  4 adders
  33 gnolls
  A white imp (Abyss:3)
  8 ufetubi
  3 dart slugs
  A worm (D:2)
  73 orcs
  7 ball pythons
  7 endoplasms
  3 giant cockroaches
  8 goblins
  6 hobgoblins
  25 kobolds
  4 quokkas
  5 bats
  3 frilled lizards
  An orc skeleton (Crypt:2)
  3 rats
  A lurking horror (Abyss:3)
  3 starspawn tentacles (Abyss:3)
  2 tentacles (Shoals:1)
2901 creatures vanquished.

Vanquished Creatures (collateral kills)
  An acid blob (Slime:5)
  An orc warlord (Orc:2)
  A deep elf annihilator (Elf:3)
  A deep elf pyromancer (Elf:3)
  2 trolls (Orc:2)
  A yak (D:10)
  A warg (Orc:2)
  A naga (Snake:1)
  An acid dragon (D:12)
  4 orc warriors (Orc:2)
  A centaur (D:10)
  An orc priest (Orc:2)
  6 orc wizards
  5 orcs
27 creatures vanquished.

Vanquished Creatures (others)
  A ghost moth (Zot:4)
  A red draconian (Zot:1)
  A hydra (D:12)
  2 quicksilver dragon simulacra
  A yaktaur (Vaults:5)
  An anaconda simulacrum (Coc:1)
  A stone giant simulacrum (Coc:1)
  A naga simulacrum (Coc:3)
  3 dire elephant simulacra
  A human (D:12)
  An ettin simulacrum (Coc:2)
  An ogre (D:12)
  An orc priest (Vaults:5)
  An orc wizard (Orc:2)
  2 orcs (Orc:2)
  10 foxfires (Abyss:3)
  11 starspawn tentacles (Abyss:3)
  10 tentacles
50 creatures vanquished.

Grand Total: 2978 creatures vanquished

Notes
Turn   | Place    | Note
-------+----------+-------------------------------------------
     0 | D:1      | dranitski the Minotaur Berserker began the quest for the
                  | Orb.
     0 | D:1      | Reached XP level 1. HP: 19/19 MP: 0/0
   138 | D:1      | Reached XP level 2. HP: 27/27 MP: 1/1
   379 | D:1      | Found a faded altar of an unknown god.
   385 | D:1      | Reached skill level 4 in Fighting
   385 | D:1      | Reached skill level 4 in Polearms
   807 | D:2      | Reached skill level 3 in Armour
   813 | D:2      | Reached XP level 3. HP: 21/33 MP: 2/2
   966 | D:2      | Reached ** piety under Trog
  1873 | D:3      | Found a runed translucent door.
  1873 | D:3      | Noticed Azuvok's ghost (amateur MiGl)
  1880 | D:3      | Reached XP level 4. HP: 41/41 MP: 3/3
  2186 | D:3      | Noticed a scorpion
  2193 | D:3      | Killed a scorpion
  2194 | D:3      | Reached skill level 5 in Fighting
  2194 | D:3      | Reached skill level 5 in Polearms
  2194 | D:3      | Reached skill level 4 in Armour
  2194 | D:3      | Reached XP level 5. HP: 48/48 MP: 4/4
  2968 | D:4      | Reached XP level 6. HP: 56/56 MP: 5/5
  2990 | D:4      | Reached skill level 5 in Armour
  3044 | D:4      | Reached skill level 6 in Fighting
  3200 | D:4      | Reached skill level 6 in Polearms
  3239 | D:4      | Reached XP level 7. HP: 59/64 MP: 6/6
  3287 | D:4      | You fall into a shaft and drop 1 floor!
  3287 | D:5      | Entered Level 5 of the Dungeon
  3457 | D:5      | Reached *** piety under Trog
  3487 | D:5      | Reached skill level 6 in Armour
  3517 | D:5      | Reached skill level 7 in Fighting
  3518 | D:5      | Noticed Prince Ribbit
  3564 | D:5      | Killed Prince Ribbit
  3565 | D:5      | Reached skill level 7 in Polearms
  3653 | D:5      | Reached XP level 8. HP: 73/73 MP: 7/7
  3705 | D:5      | Noticed Grinder
  3715 | D:5      | Killed Grinder
  3716 | D:5      | Reached skill level 7 in Armour
  3828 | D:5      | Reached skill level 8 in Fighting
  3858 | D:5      | Found a blossoming altar of Fedhas.
  3909 | D:5      | Found a staircase to the Ecumenical Temple.
  4098 | D:5      | Reached skill level 8 in Polearms
  4546 | D:6      | Reached skill level 9 in Polearms
  5083 | D:7      | Reached skill level 10 in Polearms
  5118 | D:7      | Reached XP level 9. HP: 71/81 MP: 8/8
  5140 | D:7      | Found a sacrificial altar of Ru.
  5206 | D:7      | Noticed a two-headed ogre
  5206 | D:7      | Noticed a two-headed ogre
  5210 | D:7      | Killed a two-headed ogre
  5211 | D:7      | Reached skill level 11 in Polearms
  5213 | D:7      | Reached skill level 12 in Polearms
  5214 | D:7      | Killed a two-headed ogre
  5215 | D:7      | Reached skill level 13 in Polearms
  5217 | D:7      | Found the +8 pair of quick blades "Gyre" and "Gimble"
                  | {protect}
  5340 | D:7      | Reached **** piety under Trog
  5377 | D:7      | Reached skill level 14 in Polearms
  5418 | D:7      | Reached XP level 10. HP: 86/87 MP: 9/9
  5435 | D:7      | Found a flagged portal.
  5511 | Bailey   | Entered a bailey
  5632 | Bailey   | Noticed an orc knight
  5642 | Bailey   | Reached skill level 8 in Armour
  5651 | Bailey   | Killed an orc knight
  5659 | Bailey   | Reached skill level 9 in Fighting
  5692 | Bailey   | Found a burning altar of Makhleb.
  6129 | D:8      | Noticed a manticore
  6139 | D:8      | Killed a manticore
  6145 | D:8      | Found a runed translucent gate.
  6146 | D:8      | Found a runed translucent gate.
  6146 | D:8      | Noticed a manticore
  6147 | D:8      | Found a runed translucent gate.
  6164 | D:8      | Reached skill level 9 in Armour
  6333 | D:8      | Noticed a cyclops
  6454 | D:8      | Killed a cyclops
  6458 | D:8      | Noticed an entropy weaver
  6467 | D:7      | an entropy weaver changed into a wind drake
  6521 | D:8      | Reached ***** piety under Trog
  6525 | D:8      | Reached skill level 10 in Fighting
  6525 | D:8      | Reached skill level 10 in Armour
  6625 | D:8      | Found a radiant altar of Vehumet.
  6692 | D:8      | Found a broken altar of Ashenzari.
  6767 | D:8      | Reached XP level 11. HP: 98/101 MP: 10/10
  6801 | D:8      | Reached skill level 15 in Polearms
  7162 | D:8      | Reached skill level 1 in Short Blades
  7165 | D:8      | Reached skill level 2 in Short Blades
  7168 | D:8      | Reached skill level 3 in Short Blades
  7227 | D:8      | Noticed Erica
  7233 | D:8      | Killed Erica
  7234 | D:8      | Reached skill level 4 in Short Blades
  7379 | D:8      | Noticed Jeremiah
  7384 | D:8      | Reached skill level 5 in Short Blades
  7436 | D:8      | Killed Jeremiah
  7814 | D:9      | Reached skill level 6 in Short Blades
  7874 | D:9      | Reached skill level 7 in Short Blades
  7962 | D:9      | Noticed Maurice
  7967 | D:9      | Killed Maurice
  8069 | D:9      | Found a glowing silver altar of Zin.
  8118 | D:9      | Identified the ring of Mafujoj {rCorr Dex+6 Stlth+}
  8127 | D:9      | Found a glowing golden altar of the Shining One.
  8142 | D:9      | Noticed Joseph
  8150 | D:9      | Killed Joseph
  8151 | D:9      | Reached skill level 8 in Short Blades
  8373 | D:9      | Found a staircase to the Orcish Mines.
  8684 | D:9      | Found a hide-covered altar of Uskayaw.
  8874 | D:10     | Entered Level 10 of the Dungeon
  8903 | D:10     | Reached skill level 9 in Short Blades
  8987 | D:10     | Reached skill level 11 in Armour
  8990 | D:10     | Reached skill level 1 in Evocations
  9002 | D:10     | Reached skill level 3 in Dodging
  9002 | D:10     | Reached XP level 12. HP: 100/108 MP: 11/11
  9005 | D:10     | Reached skill level 11 in Fighting
  9160 | D:10     | Found Qumpy's Weapon Shoppe.
  9643 | D:11     | Reached skill level 2 in Evocations
  9834 | D:11     | Noticed a two-headed ogre
  9835 | D:11     | a two-headed ogre changed into a sea snake
  9865 | D:11     | Reached skill level 4 in Dodging
 10156 | D:11     | Found a staircase to the Lair.
 10181 | D:11     | Found Neocugg's Jewellery Emporium.
 10686 | D:10     | Found a bloodstained altar of Trog.
 10686 | D:10     | Found a snail-covered altar of Cheibriados.
 10689 | D:10     | Found a sparkling altar of Nemelex Xobeh.
 10717 | D:12     | Noticed Kirke
 10788 | D:12     | Killed Kirke
 10788 | D:12     | Received a gift from Trog
 10789 | D:12     | Reached skill level 10 in Short Blades
 10789 | D:12     | Reached skill level 3 in Evocations
 10920 | D:12     | Found Kittor's Antique Weapon Shop.
 10925 | D:12     | Noticed Lodul
 10943 | D:12     | Killed Lodul
 11007 | D:12     | Noticed Josephine
 11011 | D:12     | Killed Josephine
 11012 | D:12     | Reached skill level 12 in Armour
 11014 | D:12     | Reached skill level 12 in Fighting
 11016 | D:12     | Reached skill level 11 in Short Blades
 11086 | D:12     | Found a runed translucent door.
 11500 | D:12     | Found a runed translucent door.
 11500 | D:12     | Found a runed translucent door.
 11500 | D:12     | Noticed a death knight
 11500 | D:12     | Noticed a catoblepas
 11625 | D:12     | Reached XP level 13. HP: 119/119 MP: 12/12
 12277 | D:12     | Reached skill level 12 in Short Blades
 12363 | D:12     | Identified the +0 triple crossbow of Cruel Justice {freeze,
                  | Str+2}
 12363 | D:12     | Identified the ring of Zammeloc {rPois Will+}
 12377 | D:12     | Reached skill level 13 in Short Blades
 12565 | D:12     | Paralysed by a hornet for 3 turns
 12809 | D:13     | Reached skill level 14 in Short Blades
 12834 | D:13     | Noticed Jorgrun
 12863 | D:13     | Killed Jorgrun
 12864 | D:13     | Reached skill level 5 in Dodging
 12964 | D:13     | Found Cojem's Weapon Boutique.
 13376 | D:14     | Identified a scroll of acquirement
 13377 | D:14     | Acquired the +2 pair of gloves of Blue Skies {rN++}
 13480 | D:13     | Reached skill level 13 in Armour
 13568 | D:14     | Reached skill level 4 in Evocations
 13580 | D:14     | Reached skill level 13 in Fighting
 13749 | Lair:1   | Entered Level 1 of the Lair of Beasts
 13764 | Lair:1   | Reached skill level 6 in Dodging
 13810 | Lair:1   | Identified the +10 flail "Spiderbane" {freeze, rPois}
 13832 | Lair:1   | Identified the +0 robe of Surprise {rF- Dex+4}
 14081 | Lair:1   | Received a gift from Trog
 14143 | Lair:1   | Reached XP level 14. HP: 129/129 MP: 13/13
 14194 | Lair:1   | Found a runed translucent gate.
 14194 | Lair:1   | Found a runed translucent gate.
 14194 | Lair:1   | Found a runed translucent gate.
 14198 | Lair:1   | Noticed kskgo's ghost (journeyman DjFE)
 14408 | D:3      | Killed Azuvok's ghost
 14902 | Lair:1   | Killed kskgo's ghost
 14964 | Lair:2   | Identified the +10 scimitar "Ciut" {flame, rC+ Will+ Str-5
                  | Dex+4}
 15016 | Lair:2   | Reached skill level 5 in Evocations
 15108 | Lair:2   | Found a staircase to the Shoals.
 15127 | Lair:2   | Found a staircase to the Snake Pit.
 15184 | Lair:2   | Reached skill level 14 in Armour
 15195 | Lair:2   | Reached skill level 14 in Fighting
 15416 | Lair:2   | Identified the +0 leather armour of Good Intentions {Harm
                  | Fly rPois Slay-3}
 17134 | Lair:4   | Received a gift from Trog
 17240 | Lair:4   | Reached skill level 15 in Armour
 17249 | Lair:4   | Reached skill level 15 in Fighting
 17254 | Lair:4   | Found a staircase to the Slime Pits.
 17288 | Lair:4   | Found a viscous altar of Jiyva.
 17718 | Lair:4   | Reached skill level 16 in Armour
 17869 | Lair:5   | Entered Level 5 of the Lair of Beasts
 17962 | Lair:5   | Reached skill level 16 in Fighting
 17962 | Lair:5   | Reached XP level 15. HP: 140/144 MP: 14/14
 18336 | Lair:5   | Received a gift from Trog
 18339 | Lair:5   | Identified the +1 short sword of Conflict {spect, rPois}
 18343 | Lair:5   | Reached ****** piety under Trog
 18769 | Lair:5   | Reached skill level 17 in Armour
 18818 | Lair:5   | Reached skill level 17 in Fighting
 19932 | Lair:5   | Found the sphere of Battle
 20202 | Orc:1    | Entered Level 1 of the Orcish Mines
 20420 | Orc:1    | Found Zestatt's Distillery.
 20448 | Orc:1    | Bought a potion of haste for 120 gold pieces
 20448 | Orc:1    | Bought a potion of heal wounds for 60 gold pieces
 20448 | Orc:1    | Bought a potion of might for 48 gold pieces
 20448 | Orc:1    | Bought a potion of might for 48 gold pieces
 20448 | Orc:1    | Bought a potion of cancellation for 96 gold pieces
 20453 | Orc:1    | Found Midwodd's Armour Emporium.
 20472 | Orc:1    | Found Huapul's Assorted Antiques.
 20483 | Orc:1    | Bought a scroll labelled EHOOGUE GYINUUS for 19 gold pieces
 20484 | Orc:1    | Found Fyakec's Antique Weapon Emporium.
 20724 | Orc:1    | Found Pionor's Magic Scroll Shoppe.
 20727 | Orc:1    | Bought 3 scrolls of blinking for 360 gold pieces
 20778 | Orc:2    | Entered Level 2 of the Orcish Mines
 20805 | Orc:2    | Received a gift from Trog
 21429 | Orc:2    | Found a staircase to the Elven Halls.
 21500 | Orc:2    | Found an ancient bone altar of Kikubaaqudgha.
 21574 | Orc:2    | Found Kekk's Magic Scroll Shop.
 21603 | Orc:2    | Found a radiant altar of Vehumet.
 21603 | Orc:2    | Noticed Erolcha
 21612 | Orc:2    | Killed Erolcha
 21616 | Orc:2    | Found Etoe's Antique Weapon Shop.
 21644 | Orc:2    | Found Fese's Distillery.
 21645 | Orc:2    | Received a gift from Trog
 21672 | Orc:2    | Reached skill level 18 in Fighting
 21681 | Orc:2    | Found Pomuenn's Book Boutique.
 21687 | Orc:2    | Reached skill level 18 in Armour
 21791 | Orc:2    | Bought a potion of invisibility for 112 gold pieces
 21925 | Elf:1    | Entered Level 1 of the Elven Halls
 21931 | Elf:1    | Paralysed by an air elemental for 1 turns
 21979 | Elf:1    | Paralysed by an air elemental for 1 turns
 22495 | Snake:1  | Entered Level 1 of the Snake Pit
 22616 | Snake:1  | Noticed Roxanne
 22721 | Snake:1  | You are sucked into a shaft and drop 1 floor!
 22824 | Snake:1  | Found a runed translucent door.
 23037 | Snake:2  | Found Xuig's Assorted Antiques.
 23466 | Snake:1  | Identified the +2 robe of Nirhah {rCorr}
 23488 | Snake:1  | Reached XP level 16. HP: 159/159 MP: 15/15
 23627 | Snake:1  | Killed Roxanne
 23885 | Snake:2  | Reached skill level 19 in Fighting
 24592 | Snake:2  | Received a gift from Trog
 25050 | Snake:3  | Reached skill level 19 in Armour
 25119 | Snake:3  | Reached skill level 20 in Fighting
 25541 | Snake:3  | Found a basalt altar of Yredelemnul.
 26006 | Snake:4  | Entered Level 4 of the Snake Pit
 26025 | Snake:4  | Noticed Agnes
 26301 | Snake:4  | Killed Agnes
 26518 | Snake:4  | Reached skill level 21 in Fighting
 26958 | Snake:4  | Received a gift from Trog
 27131 | Snake:4  | Reached XP level 17. HP: 173/173 MP: 16/16
 27339 | Snake:4  | Reached skill level 20 in Armour
 27339 | Snake:4  | Noticed Vashnia
 27664 | Snake:4  | Killed Vashnia
 27876 | Snake:4  | Reached skill level 22 in Fighting
 28365 | Snake:4  | Got a serpentine rune of Zot
 28764 | Shoals:1 | Entered Level 1 of the Shoals
 28848 | Shoals:1 | Received a gift from Trog
 29109 | Shoals:1 | Noticed a kraken
 29248 | Shoals:1 | Killed a kraken
 29249 | Shoals:1 | Reached skill level 23 in Fighting
 30105 | Abyss:2  | Cast into level 2 of the Abyss (merfolk impaler)
 30631 | Abyss:2  | Received a gift from Trog
 30721 | Abyss:2  | Gained mutation: You are dopey. (Int -2) [a neqoxec]
 30741 | Abyss:2  | Reached skill level 7 in Dodging
 30774 | Abyss:2  | Reached skill level 6 in Evocations
 30794 | Abyss:2  | Lost intelligence.
 30800 | Shoals:2 | Escaped the Abyss
 30816 | Shoals:2 | Reached skill level 21 in Armour
 31569 | Shoals:3 | Reached XP level 18. HP: 169/189 MP: 17/17
 31837 | Shoals:3 | Reached skill level 8 in Dodging
 32594 | Shoals:4 | Entered Level 4 of the Shoals
 32614 | Shoals:4 | Reached skill level 24 in Fighting
 32616 | Shoals:4 | Received a gift from Trog
 33446 | Shoals:4 | Found a glowing silver altar of Zin.
 33594 | Shoals:4 | Found a white marble altar of Elyvilon.
 33594 | Shoals:4 | Identified the serpent talisman of Qiecacs {rF+ rN+}
 33594 | Shoals:4 | Noticed Aizul
 33608 | Shoals:4 | Killed Aizul
 33609 | Shoals:4 | Reached skill level 9 in Dodging
 33861 | Shoals:4 | Found a glowing golden altar of the Shining One.
 33956 | Shoals:4 | Got a barnacled rune of Zot
 34267 | Slime:1  | Entered Level 1 of the Pits of Slime
 34290 | Slime:1  | Gained mutation: Your body sometimes deteriorates upon
                  | taking damage. [a shining eye]
 34678 | Slime:2  | Lost intelligence.
 34678 | Slime:2  | Gained mutation: You are very dopey. (Int -4) [a shining
                  | eye]
 34680 | Slime:2  | Gained mutation: You are frail. (-10% HP) [a shining eye]
 34686 | Slime:2  | Reached skill level 25 in Fighting
 34689 | Slime:1  | Lost mutation: You are frail. (-10% HP) [potion of
                  | mutation]
 34689 | Slime:1  | Lost mutation: Your body sometimes deteriorates upon taking
                  | damage. [potion of mutation]
 34689 | Slime:1  | Gained mutation: You are clumsy. (Dex -2) [potion of
                  | mutation]
 34689 | Slime:1  | Gained mutation: Potions are less effective at restoring
                  | your health. [potion of mutation]
 34689 | Slime:1  | Lost mutation: You are clumsy. (Dex -2) [potion of
                  | mutation]
 34700 | Slime:1  | Lost mutation: Potions are less effective at restoring your
                  | health. [potion of mutation]
 34700 | Slime:1  | Lost mutation: You are very dopey. (Int -4) [potion of
                  | mutation]
 34700 | Slime:1  | Gained mutation: You are somewhat resistant to further
                  | mutation. [potion of mutation]
 34871 | Slime:1  | Reached skill level 22 in Armour
 34891 | Slime:1  | Received a gift from Trog
 35321 | Slime:3  | Reached XP level 19. HP: 183/202 MP: 18/18
 36352 | Slime:4  | Reached skill level 26 in Fighting
 36365 | Slime:4  | Received a gift from Trog
 36628 | Slime:5  | Entered Level 5 of the Pits of Slime
 36630 | Slime:5  | Found a viscous altar of Jiyva.
 36904 | Slime:5  | Lost intelligence.
 37050 | Slime:5  | Noticed the Royal Jelly
 37062 | Slime:5  | Killed the Royal Jelly
 37452 | Slime:5  | Identified the +0 shadow dragon scales "Linloili" {Will+
                  | SInv Stlth++++}
 37499 | Slime:5  | Got a slimy rune of Zot
 37540 | Slime:5  | Identified the ring "Wuse" {Fire Str+2 Dex+3}
 37729 | Slime:5  | Reached skill level 23 in Armour
 38349 | Orc:1    | Bought a scroll of identify for 32 gold pieces
 39071 | Elf:1    | Received a gift from Trog
 39076 | Elf:1    | Reached skill level 27 in Fighting
 39328 | Elf:1    | Acquired the +0 pair of boots of the Lotus Blossom {rC++
                  | Will+ Regen+ Dex-5}
 39724 | Elf:1    | Noticed Azrael
 39737 | Elf:1    | Killed Azrael
 40032 | Elf:2    | Found a runed translucent gate.
 40033 | Elf:2    | Found a runed translucent gate.
 40033 | Elf:2    | Found a runed translucent gate.
 40234 | Elf:2    | Found Pakhlip's Weapon Shop.
 40294 | Elf:2    | Found a runed translucent door.
 40294 | Elf:2    | Noticed Ratslayer's ghost (adept MiBe)
 40642 | Elf:2    | Killed Ratslayer's ghost
 40911 | Elf:2    | Reached XP level 20. HP: 215/216 MP: 19/19
 40922 | Elf:2    | Reached skill level 7 in Evocations
 41485 | Elf:3    | Entered Level 3 of the Elven Halls
 41504 | Elf:3    | Received a gift from Trog
 42044 | Elf:3    | Paralysed by an air elemental for 1 turns
 42050 | Elf:3    | Reached skill level 10 in Dodging
 42169 | Elf:3    | Reached skill level 24 in Armour
 42527 | Elf:3    | Identified the +8 falchion "Pendulum" {holy, *Slow rC-
                  | Str+3 Int+5}
 42527 | Elf:3    | Identified the amulet "Gyler" {Reflect +Inv rElec Dex-2
                  | SH+5 Stlth+}
 42538 | Elf:3    | Identified the +9 plate armour of Life {*Slow +Inv Regen+
                  | MP-9}
 42558 | Elf:3    | Identified the ring "Ulaomiog" {*Corrode *Slow MP+9 Str+7
                  | SInv}
 42681 | Elf:3    | Reached skill level 8 in Evocations
 42693 | Elf:3    | Found Gylic's Armour Shop.
 42704 | Elf:3    | Reached skill level 15 in Short Blades
 42776 | Elf:3    | Identified the +7 dagger of Tiecit {protect, rElec rCorr
                  | Dex+3}
 42840 | Elf:3    | Identified the +1 ring mail of the Wasteland {rPois Slay+2}
 42842 | Elf:3    | Identified the blade talisman of Anizemysk {Str+4}
 42968 | Elf:3    | Received a gift from Trog
 43616 | D:14     | Found a shadowy altar of Dithmenos.
 43717 | D:14     | Reached skill level 11 in Dodging
 43739 | D:14     | Found a gate to the Vaults.
 44464 | D:15     | Entered Level 15 of the Dungeon
 44530 | D:15     | Found a portal to a secret trove of treasure.
 44725 | Orc:1    | Bought a scroll of teleportation for 48 gold pieces
 44725 | Orc:1    | Bought a scroll of teleportation for 48 gold pieces
 44764 | Orc:2    | Bought a scroll of teleportation for 42 gold pieces
 44764 | Orc:2    | Bought a scroll of teleportation for 42 gold pieces
 44951 | D:15     | Found a staircase to the Depths.
 45033 | D:15     | Found an ancient bone altar of Kikubaaqudgha.
 45445 | D:15     | Found an iron altar of Okawaru.
 45729 | Depths:1 | Entered Level 1 of the Depths
 45824 | Depths:1 | Reached skill level 9 in Evocations
 45843 | Depths:1 | Found a flickering gateway to a bazaar.
 45864 | Depths:1 | Received a gift from Trog
 45954 | Bazaar   | Entered a bazaar
 45968 | Bazaar   | Found Uxaybaq's Armour Emporium.
 46003 | Bazaar   | Found Jaydig's Assorted Antiques.
 46003 | Bazaar   | Found Xeuzak's Armour Shoppe.
 46014 | Bazaar   | Bought a potion of haste for 170 gold pieces
 46025 | Bazaar   | Found Kame's Armour Emporium.
 46064 | Bazaar   | Bought a moonstone ring for 85 gold pieces
 46067 | Bazaar   | Bought the ring of the Hare {EV+10} for 2176 gold pieces
 46067 | Bazaar   | Found the ring of the Hare {EV+10}
 46217 | Depths:1 | Found Veck's Assorted Antiques.
 46223 | Depths:1 | Bought a scroll of enchant armour for 307 gold pieces
 46283 | Depths:1 | Reached XP level 21. HP: 222/222 MP: 11/20
 46301 | Depths:1 | Found Ciul's Weapon Shop.
 46337 | Depths:1 | Reached skill level 25 in Armour
 46574 | Depths:1 | Reached skill level 10 in Evocations
 46705 | Depths:1 | Found a shimmering blue altar of Sif Muna.
 46729 | Depths:1 | Found a one-way gate to the infinite horrors of the Abyss.
 46801 | Depths:1 | Found a gateway to Hell.
 47071 | Depths:1 | Found a white marble altar of Elyvilon.
 47232 | Depths:2 | Received a gift from Trog
 47610 | Depths:2 | Reached skill level 1 in Throwing
 47610 | Depths:2 | Reached skill level 12 in Dodging
 47683 | Depths:2 | Found a one-way gate leading to the halls of Pandemonium.
 47722 | Depths:2 | Noticed a juggernaut
 47796 | Depths:2 | Reached skill level 2 in Throwing
 48017 | Depths:2 | Reached skill level 16 in Short Blades
 48045 | Depths:2 | Reached skill level 3 in Throwing
 48101 | Depths:2 | Noticed Sojobo
 48119 | Depths:2 | Noticed Margery
 48125 | Depths:2 | Killed Sojobo
 48135 | Depths:2 | Killed Margery
 48138 | Depths:2 | Reached skill level 4 in Throwing
 48348 | Depths:2 | Received a gift from Trog
 48363 | Depths:2 | Killed a juggernaut
 48732 | Depths:3 | Reached skill level 5 in Throwing
 48907 | Depths:3 | Reached skill level 6 in Throwing
 49216 | Depths:3 | Identified the +3 ring mail of Loss {Will+ Int+5 Slay-2}
 49485 | Depths:3 | Found Jeneqoirch's Jewellery Shoppe.
 49485 | Depths:3 | Found Wis Pawou's Book Boutique.
 49486 | Depths:3 | Found Uxzus's Jewellery Shoppe.
 49660 | Depths:3 | Noticed a caustic shrike
 49671 | Depths:3 | Killed a caustic shrike
 49672 | Depths:3 | Reached skill level 13 in Dodging
 49718 | Depths:3 | Found the +3 hat of Pondering {ponderous, Will+ MP+10
                  | Int+5}
 49748 | Depths:3 | Noticed an ancient lich
 49754 | Depths:3 | Reached XP level 22. HP: 173/233 MP: 12/21
 49761 | Depths:3 | Killed an ancient lich
 49762 | Depths:3 | Reached skill level 7 in Throwing
 49867 | Depths:3 | Identified the +7 dagger "Erism" {speed, Stlth+}
 49928 | Depths:4 | Entered Level 4 of the Depths
 49928 | Depths:4 | Found a one-way gateway to a ziggurat.
 49992 | Depths:3 | Bought the necklace of Bloodlust {Fury *Rage Will++ Int-3
                  | Slay+6} for 1087 gold pieces
 49992 | Depths:3 | Found the necklace of Bloodlust {Fury *Rage Will++ Int-3
                  | Slay+6}
 50343 | Depths:4 | Reached skill level 8 in Throwing
 50957 | Depths:4 | Received a gift from Trog
 50997 | Depths:4 | Reached skill level 17 in Short Blades
 50997 | Depths:4 | Reached skill level 26 in Armour
 51198 | Depths:4 | Reached skill level 9 in Throwing
 51246 | Depths:4 | Noticed a golden dragon
 51250 | Depths:4 | Killed a golden dragon
 51298 | Depths:4 | Found a gate to the Realm of Zot.
 51496 | Depths:4 | Found a basalt altar of Yredelemnul.
 51619 | Depths:4 | Identified the ring "Icoziuka" {Fire +Blink Fly Int-3
                  | Dex+7}
 51785 | Vaults:1 | Entered Level 1 of the Vaults
 51915 | Vaults:1 | Found Jurrig's Distillery.
 51923 | Vaults:1 | Bought a potion of heal wounds for 75 gold pieces
 51937 | Vaults:1 | Found a runed translucent door.
 51937 | Vaults:1 | Noticed foobar1000's ghost (veteran SpHu)
 52102 | Vaults:1 | Reached skill level 14 in Dodging
 52175 | Vaults:1 | Identified the +7 halberd of Tenacity {heavy, *Noise rPois
                  | rN+++ Int-5} (Trog gifted it to you on level 1 of the
                  | Vaults)
 52175 | Vaults:1 | Received a gift from Trog
 52176 | Vaults:1 | Reached skill level 10 in Throwing
 53063 | Vaults:1 | Found Iterch's Book Emporium.
 53140 | Vaults:1 | Received a gift from Trog
 53168 | Vaults:1 | Reached skill level 11 in Throwing
 53591 | Vaults:1 | Killed foobar1000's ghost
 53592 | Vaults:1 | Reached XP level 23. HP: 213/240 MP: 22/22
 54372 | Vaults:2 | Found a staircase to the Crypt.
 54616 | Vaults:2 | Received a gift from Trog
 54807 | Vaults:2 | Reached skill level 18 in Short Blades
 54899 | Vaults:2 | Reached skill level 12 in Throwing
 55237 | Vaults:2 | Noticed Mara
 55256 | Vaults:2 | Noticed dranitski's illusion
 55271 | Vaults:2 | Killed Mara
 55272 | Vaults:2 | Reached skill level 15 in Dodging
 55311 | Vaults:2 | Found the +5 glaive of the Guard {elec, spectral}
 55328 | Vaults:2 | Received a gift from Trog
 55481 | Vaults:2 | Found a runed translucent gate.
 55481 | Vaults:2 | Found a runed translucent gate.
 55481 | Vaults:2 | Found a runed translucent gate.
 55481 | Vaults:2 | Noticed christhawk's ghost (adept MiHu)
 55482 | Vaults:2 | Identified the +12 plate armour of Experimentation {Contam
                  | rElec rF+ Will+}
 55662 | Vaults:2 | Identified the +0 broad axe "Minotaur's Regret" {vamp, Fly
                  | rN+++ Dex-4 Stlth-}
 55663 | Vaults:2 | Identified the ring "Quhuawn" {rPois rC- Will+ rCorr}
 55688 | Vaults:2 | Reached skill level 13 in Throwing
 55703 | Vaults:2 | Killed christhawk's ghost
 56444 | Vaults:3 | Reached skill level 27 in Armour
 56632 | Vaults:3 | Received a gift from Trog
 57195 | Vaults:3 | Noticed Xtahua
 57203 | Vaults:3 | Killed Xtahua
 57204 | Vaults:3 | Reached skill level 14 in Throwing
 57511 | Vaults:3 | Identified the +1 ring mail "Asashas" {-Cast Harm Dex+3}
 57657 | Vaults:3 | Noticed Mennas
 57681 | Vaults:3 | Killed Mennas
 57682 | Vaults:3 | Reached skill level 19 in Short Blades
 57753 | Vaults:3 | Found Fyutosmorosm's Assorted Antiques.
 58374 | Vaults:4 | Received a gift from Trog
 58424 | Vaults:4 | Noticed Jory
 58437 | Vaults:4 | Killed Jory
 58438 | Vaults:4 | Reached XP level 24. HP: 249/249 MP: 22/22
 58584 | Vaults:4 | Reached skill level 15 in Throwing
 59959 | Vaults:4 | Found Neha's General Store.
 60140 | Vaults:4 | Identified the ring of Lepp {*Slow rN+ Str+4 Int-4 Dex+8}
 60228 | Vaults:5 | Entered Level 5 of the Vaults
 60239 | Vaults:5 | Received a gift from Trog
 60252 | Vaults:5 | Reached skill level 16 in Throwing
 60275 | Abyss:2  | Cast into level 2 of the Abyss (hell knight)
 60412 | Abyss:2  | Found a corrupted altar of Lugonu.
 60548 | Abyss:3  | Received a gift from Trog
 60548 | Abyss:3  | Found the +8 arc blade {discharge, rElec}
 60656 | Abyss:3  | Reached skill level 20 in Short Blades
 60760 | Abyss:3  | Found a corrupted altar of Lugonu.
 60933 | Abyss:3  | Found a corrupted altar of Lugonu.
 60958 | Abyss:3  | Noticed a dread lich
 60981 | Abyss:3  | Killed a dread lich
 60982 | Abyss:3  | Reached skill level 17 in Throwing
 61332 | Abyss:3  | Received a gift from Trog
 61361 | Abyss:3  | Paralysed by an air elemental for 1 turns
 61488 | Abyss:3  | Reached skill level 18 in Throwing
 61498 | Abyss:3  | Got an abyssal rune of Zot
 61537 | Abyss:3  | Paralysed by accursed screaming for 1 turns
 61554 | Abyss:3  | Received a gift from Trog
 61605 | Abyss:3  | Noticed a dread lich
 61613 | Abyss:3  | Killed a dread lich
 61626 | Vaults:5 | Escaped the Abyss
 61626 | Vaults:5 | Noticed a dread lich
 61669 | Vaults:5 | Reached XP level 25. HP: 192/257 MP: 22/22
 61794 | Vaults:5 | Identified the +0 broad axe "Omoh" {freeze, rN+ Will+}
 61808 | Vaults:5 | Reached skill level 21 in Short Blades
 61925 | Vaults:5 | Reached skill level 19 in Throwing
 61944 | Vaults:5 | Received a gift from Trog
 61947 | Vaults:5 | Noticed a dread lich
 61960 | Vaults:5 | Identified the +8 chain mail "Ywozah" {+Blink Will+ Str+2}
 61966 | Vaults:5 | Killed a dread lich
 62151 | Vaults:5 | Killed a dread lich
 62260 | Vaults:5 | Received a gift from Trog
 62322 | Vaults:5 | Reached skill level 20 in Throwing
 62325 | Vaults:5 | Identified the ring "Fogguen" {rC+ rN+ AC+4}
 62536 | Vaults:5 | Got a silver rune of Zot
 62733 | Vaults:5 | Identified the staff "Ycho" {rF+ Int+3 SInv Fire}
 63413 | D:9      | Fell from the grace of Trog
 63413 | D:9      | Became a worshipper of Uskayaw the Reveller
 63590 | Orc:1    | Bought a potion of lignification for 36 gold pieces
 63590 | Orc:1    | Bought a potion of might for 48 gold pieces
 63590 | Orc:1    | Bought a potion of might for 48 gold pieces
 63644 | Orc:2    | Bought a potion of mutation for 112 gold pieces
 63644 | Orc:2    | Bought a potion of might for 56 gold pieces
 63644 | Orc:2    | Bought a potion of might for 56 gold pieces
 63644 | Orc:2    | Bought a potion of lignification for 42 gold pieces
 63644 | Orc:2    | Bought a potion of haste for 140 gold pieces
 63713 | Orc:1    | Bought a potion of haste for 120 gold pieces
 63911 | D:8      | Got the Handbook of Breezy Battle Magic
 65441 | Shoals:4 | Got the Atlas of the Windy Escort
 65949 | Depths:1 | Bought a potion of lignification for 123 gold pieces
 66267 | Vaults:5 | Got the Volume of Locality
 67262 | Snake:2  | Bought a scroll of immolation for 140 gold pieces
 67615 | Orc:1    | Bought a scroll of immolation for 76 gold pieces
 68009 | Snake:2  | Bought a potion of attraction for 105 gold pieces
 68065 | Snake:4  | Reached * piety under Uskayaw
 68610 | Vaults:3 | Bought 2 potions of attraction for 276 gold pieces
 68610 | Vaults:3 | Bought a scroll of teleportation for 138 gold pieces
 69151 | Vaults:3 | Bought a scroll of teleportation for 138 gold pieces
 69220 | Vaults:4 | Bought 2 scrolls of teleportation for 126 gold pieces
 69395 | D:15     | You paid a toll of 17 scrolls of teleportation to enter a
                  | treasure trove
 69396 | Trove    | Entered a treasure trove
 69449 | Trove    | Identified the +3 great sword of Cocytus {heavy, Will-
                  | Str+3}
 69451 | Trove    | Identified the +5 quick blade "Zuoprafu" {heavy, Will+
                  | Int+4}
 69517 | D:15     | Reached skill level 4 in Invocations
 69517 | D:15     | Reached XP level 26. HP: 266/266 MP: 25/25
 69667 | Crypt:1  | Entered Level 1 of the Crypt
 69671 | Crypt:1  | Reached ** piety under Uskayaw
 69673 | Crypt:1  | Reached skill level 5 in Invocations
 69674 | Crypt:1  | Reached *** piety under Uskayaw
 69678 | Crypt:1  | Reached **** piety under Uskayaw
 69963 | Crypt:1  | Reached skill level 6 in Invocations
 69982 | Crypt:1  | Noticed Frederick
 69988 | Crypt:1  | Killed Frederick
 70111 | Crypt:1  | Reached skill level 7 in Invocations
 70425 | Crypt:1  | Reached skill level 8 in Invocations
 70460 | Crypt:1  | Reached ***** piety under Uskayaw
 70468 | Crypt:1  | Reached ****** piety under Uskayaw
 71184 | Elf:2    | Bought the +1 orcbow of the Magi {heavy, +Blink rF+ Str+3}
                  | for 656 gold pieces
 71184 | Elf:2    | Acquired 550 gold pieces
 71767 | Crypt:2  | Reached skill level 9 in Invocations
 72101 | Crypt:2  | Reached skill level 10 in Invocations
 72203 | Crypt:2  | Reached skill level 11 in Invocations
 72602 | Crypt:3  | Entered Level 3 of the Crypt
 72739 | Crypt:3  | Reached XP level 27. HP: 273/273 MP: 30/30
 72759 | Crypt:3  | Reached skill level 12 in Invocations
 72918 | Crypt:3  | Found a staircase to the Tomb.
 72918 | Crypt:3  | Found the +13 scythe of Curses {drain, curses, Drain}
 72940 | Crypt:3  | Got the Enchiridion on Exhumation
 73249 | Crypt:3  | Found a basalt altar of Yredelemnul.
 73250 | Crypt:3  | Noticed an ancient lich
 73269 | Crypt:3  | Killed an ancient lich
 73270 | Crypt:3  | Reached skill level 13 in Invocations
 73920 | Crypt:3  | Identified the ring of the Fool {Fly Int+3 Dex+2}
 73926 | Crypt:3  | Identified the +2 quarterstaff of Diejoik {elec, rElec rF+}
 74029 | Crypt:3  | Reached skill level 14 in Invocations
 74477 | Depths:3 | Bought the ring "Circhis" {rF++ Str+2 SInv} for 1005 gold
                  | pieces
 74574 | Zot:1    | Entered Level 1 of the Realm of Zot
 75859 | Zot:1    | Reached skill level 15 in Invocations
 76177 | Zot:2    | Noticed an orb of fire
 76185 | Zot:2    | Gained mutation: Your muscles are strong. (Str +4, Int/Dex
                  | -1) [an orb of fire]
 76189 | Zot:2    | Killed an orb of fire
 76235 | Zot:2    | Found a large runed translucent door.
 76235 | Zot:2    | Found a large runed translucent door.
 76238 | Zot:2    | Noticed Toime's ghost (legendary MiFi)
 76406 | Zot:2    | Noticed an orb of fire
 76423 | Zot:2    | Gained mutation: A frigid envelope surrounds you and
                  | freezes all who hurt you. [an orb of fire]
 76427 | Zot:2    | Killed an orb of fire
 77272 | Zot:2    | Reached skill level 16 in Invocations
 77423 | Zot:2    | Killed Toime's ghost
 77440 | Zot:2    | Got the Secrets of Firn and the Burn
 77486 | Zot:3    | Reached skill level 16 in Dodging
 77731 | Zot:3    | Identified the +4 chain mail of Distant Worlds {+Blink
                  | rPois Str-2 Stlth+}
 78864 | Zot:4    | Reached skill level 21 in Throwing
 78907 | Zot:4    | Reached skill level 17 in Invocations
 78955 | Zot:4    | Paralysed by Trog for 5 turns
 79894 | Hell     | Entered the Vestibule of Hell
 79894 | Hell     | Noticed Geryon
 79903 | Hell     | Killed Geryon
 79966 | Hell     | Noticed Murray
 79970 | Hell     | Reached skill level 18 in Invocations
 79991 | Hell     | Killed Murray
 80440 | Hell     | Found a gateway to the freezing wastes of Cocytus.
 80557 | Hell     | Found a gateway to the decaying netherworld of Tartarus.
 80638 | Hell     | Found a gateway to the ashen valley of Gehenna.
 80699 | Hell     | Found a gateway to the Iron City of Dis.
 80835 | Coc:1    | Entered Level 1 of Cocytus
 80875 | Coc:1    | Gained mutation: Your magical capacity is low. (-10% MP)
                  | [mutagenic glow]
 80887 | Coc:1    | Reached skill level 19 in Invocations
 80896 | Coc:1    | Gained mutation: Your body sometimes deteriorates upon
                  | taking damage. [mutagenic glow]
 81021 | Coc:2    | Reached skill level 22 in Throwing
 81390 | Coc:3    | Paralysed by a wendigo for 1 turns
 81407 | Coc:3    | Paralysed by a wendigo for 1 turns
 81580 | Coc:4    | Reached skill level 20 in Invocations
 81616 | Coc:4    | Paralysed by a wendigo for 1 turns
 81626 | Coc:4    | HP: 13/266 [drowned by a water elemental[an elemental
                  | wellspring] (4)]
 81626 | Coc:4    | HP: 6/266 [water elemental[an elemental wellspring] (8)]
 81627 | Coc:4    | HP: 1/266 [drowned by a water elemental[an elemental
                  | wellspring] (5)]
 81628 | Coc:4    | Drowned by a water elemental

Illustrated notes

Levels and vault maps discovered:
D:1:      psy_arrival_radial01, layout_loops_ring,
          ebering_ecumenical_altar_sacrificial
D:2:      layout_loops_corners
D:3:      layout_basic, serial_forest, infiniplex_forest_lined_1,
          infiniplex_forest_lined_3, infiniplex_forest_clump_large,
          infiniplex_forest_clump_long, infiniplex_forest_split,
          infiniplex_forest_lined_room_2, infiniplex_forest_end_3,
          infiniplex_forest_corner_2, infiniplex_forest_clump_C,
          gammafunk_ghost_grave
D:4:      layout_gridville
D:5:      layout_gridville, kennysheep_mini,
          minmay_temple_entry_enclosed_plants, uniq_grinder, uniq_prince_ribbit1
D:6:      layout_loops_ring, hangedman_decor_lopped, abandoned_shop
D:7:      layout_loops_cross, mainiacjoe_overflow_tiny_flanked, enter_bailey_7,
          hellmonk_guarded_unrand_gyre_and_gimble
D:8:      lemuel_bear_cage, layout_basic, cheibrodos_ashenzari_chains,
          vehumet_altar_wand_db, serial_rivers, chequers_serial_rivers_micro_a,
          chequers_serial_rivers_small_3, chequers_serial_rivers_micro_b,
          chequers_serial_rivers_room_b, kb_rosetta, uniq_jeremiah, uniq_erica
D:9:      minmay_tri_box, layout_irregular_city, mainiacjoe_overflow_24_doors,
          nicolae_uskayaw_suspiria, tso_metal_star, minmay_orc_entry_guard_dogs,
          uniq_joseph, uniq_maurice
D:10:     layout_cave_pools, nicolae_overflow_hidden_temple, serial_shops, shop
D:11:     layout_basic, lair_entry_dummy, serial_shops, shop
D:12:     minmay_the_grid_triangle_9x9_rhombus_full
          [minmay_the_grid_triangle_9x9_sparse_checkered,
          minmay_the_grid_triangle_9x9_pentomino_pain,
          minmay_the_grid_triangle_9x9_subtriangle,
          minmay_the_grid_triangle_9x9_longest,
          minmay_the_grid_triangle_9x9_cache,
          minmay_the_grid_triangle_9x9_intruding_spiral,
          minmay_the_grid_triangle_9x9_tough_junction,
          minmay_the_grid_triangle_9x9_prize_center], layout_basic,
          serial_shops, nicolae_shop_crystal, uniq_lodul, uniq_kirke,
          uniq_josephine
D:13:     layout_small_grid, serial_shops, shop, uniq_jorgrun
D:14:     layout_loops_corners, lightli_vaults_fourway_checkpoint,
          grunt_decor_clamped, nicolae_dithmenos_the_darkroom
D:15:     gammafunk_depths_entry_grave, layout_basic, okawaru_trees_2,
          enter_trove_0, minmay_misc_feat_secret_circle,
          kiku_gazebo_garden_becter
Lair:1:   layout_small_grid, ebering_ghost_rock_garden,
          cheibrodos_lair_lostbears, serial_bayou_shore_b
Lair:2:   layout_small_grid, nicolae_shoals_entry_roost,
          guppyfry_snake_entry_island, enter_volcano_3, serial_bayou_shore_a
Lair:3:   layout_gridlike, grunt_megastairs_1
Lair:4:   layout_big_grid, minmay_slime_entry_pillars,
          grunt_forest_stairs_basic, st_stairs_6, minivault_26
Lair:5:   minmay_lair_end_enchanted_forest, layout_cave_shapes,
          infiniplex_staircase_pool
Shoals:1: layout_shoals, nicolae_shoals_square_sea_wall, hangedman_shoal_volcano
Shoals:2: layout_shoals
Shoals:3: cheibrodos_shoals_baths, layout_shoals
Shoals:4: shoals_end_hellmonk_holy_island, uniq_aizul
Snake:1:  layout_misc_corridors, lightli_airlock, lemuel_fruit_tree,
          nicolae_triple_integral, uniq_roxanne
Snake:2:  layout_layer_cave, serial_shops, nicolae_shop_statue_plus,
          nicolae_snake_salamander_stairs
Snake:3:  layout_layer_cave, special_room, basic_altar, grunt_megastairs_2
Snake:4:  snake_pit, layout_layer_cave, uniq_vashnia, uniq_agnes
Slime:1:  layout_caves
Slime:2:  layout_caves
Slime:3:  layout_caves
Slime:4:  layout_caves
Slime:5:  slime_pit_nicolae_jellycorners
Orc:1:    layout_caves, serial_shops, shop, nicolae_diamond_shop, shop,
          nicolae_shop_waterfront, nicolae_shop_rolled_up
Orc:2:    kennysheep_orc_mage_school, layout_caves, basic_altar, special_room
Elf:1:    nicolae_elf_arrival_aired_out, layout_gridlike,
          hangedman_corner_corridor, grunt_megastairs_4, uniq_azrael
Elf:2:    nicolae_elf_blades_crystal_corner, layout_loops_corners, serial_shops,
          nicolae_shop_tiny_glass, gammafunk_ghost_grave
Elf:3:    grunt_elf_hall_spiral, layout_geoelf_diagonals, serial_shops, shop,
          hex_tiny
Vaults:1: hellmonk_ghost_happy_afterlife, nicolae_vaults_good_morning_starshine,
          v_alt_pattern_3, nicolae_vaults_specimen_jars,
          dpeg_vaults_monster_row, nicolae_vaults_closet_pinwheel_3,
          grunt_vaults_trifunnel, hangedman_vaults_cutoff,
          nicolae_vaults_network_star, nicolae_vaults_tetromino_Z_2,
          nicolae_vaults_closet_pinwheel_4, vaults_room_mumra_shop_pool,
          layout_vaults_maze, serial_shops, nicolae_shop_trees
Vaults:2: biasface_ghost_orc_armoury, minmay_guarded_unrand_guard_vaults,
          nicolae_vaults_angled_halls, minmay_crypt_entry_simple_statues,
          nicolae_vaults_circle_grid_a, nicolae_vaults_network_s,
          vaults_room_boxed, serial_library_regret_index_small_wings,
          nicolae_vaults_heart-shaped_vault, grunt_vaults_hallway_long,
          nicolae_vaults_wrenched, nicolae_vaults_trapezoid_4,
          nicolae_vaults_tetromino_T_1, hangedman_vaults_maws,
          serial_library_hellmonk_angled_corner, vaults_dpeg_ring,
          vaults_mumra_hex, layout_vaults_omnibox, uniq_mara
Vaults:3: ontoclasm_vaults_loading_screen, nicolae_vaults_storage_closets_1,
          nicolae_vaults_crenellated_ambush, v_misc_22,
          nicolae_vaults_more_shelving_1, nicolae_vaults_oval_intersection,
          layout_vaults_quadrants, serial_shops,
          nicolae_shop_just_a_little_nook, uniq_mennas, uniq_xtahua
Vaults:4: ontoclasm_vaults_claustrophobia, v_misc_5,
          nicolae_vaults_little_squares_5, nicolae_vaults_house_2,
          vaults_room_fours, nicolae_vaults_cochlea, hangedman_vaults_snaps,
          ontoclasm_vaults_idyll, nicolae_vaults_diamond_1,
          layout_vaults_chaotic_city, serial_shops,
          nicolae_shop_real_fake_doors, uniq_jory
Vaults:5: serial_shops
Crypt:1:  layout_chaotic_city, uniq_frederick
Crypt:2:  layout_rooms
Crypt:3:  cryptofortress_bobbens
Depths:1: layout_gridlike, serial_shops, bzr_entry_customers,
          nicolae_shop_rolling_square, nicolae_shop_bloodbath_and_beyond,
          nicolae_elyvilon_temple_path, hell_entry, hangedman_abyss_entry_splay,
          serial_library_hellmonk_double_dead_end, grunt_ministairs_5,
          chequers_serial_rivers_large_a, nicolae_sif_muna_condensation
Depths:2: minmay_blocking_statues, layout_gridville, pan_entry,
          grunt_metal_band, minmay_misc_feat_five,
          infiniplex_staircase_door_maze, uniq_sojobo
Depths:3: minmay_fractal_lines_corner, layout_cave_pools, abyss_entry,
          pf_dread_powers_of_hell, bh_walls_and_bars, minmay_misc_feat_ornament,
          minmay_shop_grove
Depths:4: evilmike_zot_entry_gauntlet, layout_small_grid, enter_ziggurat_d,
          hellmouth_1, serial_sigils_hangedman_gnaw,
          yredelemnul_forgotten_temple_becter
Hell
Coc:1:    layout_cocytus_water_paths, serial_ice
Coc:2:    layout_cocytus_delve
Coc:3:    layout_ice_bergs
Coc:4:    layout_ice_bergs
Zot:1:    layout_misc_corridors, regret_index_zotdec_ex,
          hangedman_elemental_corridor
Zot:2:    kennysheep_bubbly, layout_basic, skrybe_zot_glass_1,
          ebering_ghost_disaster_area, regret_index_zotdec_stipple_waver,
          lemuel_baited_zot_trap
Zot:3:    layout_gridlike, lemuel_baited_zot_trap, lemuel_elevator,
          grunt_megastairs_5, uniq_josephina
Zot:4:    lemuel_draconian_sentries_small, layout_twisted_circle,
          regret_index_zotdec_silver_v_v_loose

Skill      XL: |  1  2  3  4  5  6  7  8  9 10 11 12 13 14 15 16 17 18 19 20 21 22 23 24 25 26 27 |
---------------+----------------------------------------------------------------------------------+-----
Fighting       | 4 5 6 7 8 10 12 13 16 18 21 23 25 27 | 27.0
Polearms       | 4 5 6 7 10 14 15 | 15.0
Armour         | 3 4 5 6 7 10 11 12 13 16 18 19 21 22 23 24 25 26 27 | 27.0
Short Blades   | 9 11 14 15 16 17 19 20 21 | 21.7
Evocations     | 1 3 4 5 6 9 10 | 10.3
Dodging        | 3 4 6 7 9 11 13 14 15 16 | 16.0
Throwing       | 6 11 14 18 20 22 | 22.4
Invocations    | 4 11 20 | 20.2

Action                     |  1- 3 |  4- 6 |  7- 9 | 10-12 | 13-15 | 16-18 | 19-21 | 22-24 | 25-27 || total
---------------------------+-------+-------+-------+-------+-------+-------+-------+-------+-------++-------
  Melee: Spear             |   120 |    14 |       |       |       |       |       |       |       ||   134
         Headbutt          |    11 |    11 |    20 |   220 |   683 |  1245 |  1879 |  1352 |  1261 ||  6682
         Punch             |     2 |       |       |     1 |       |       |       |       |       ||     3
         Halberd           |       |    84 |    93 |       |       |       |       |       |       ||   177
         Trident           |       |       |    86 |   170 |       |       |       |       |       ||   256
         Pair of quick bla |       |       |       |   664 |  2186 |  3618 |  5373 |  3423 |  3168 || 18432
  Throw: Dart              |       |     3 |     1 |       |       |       |       |       |       ||     4
         Throwing net      |       |       |     1 |       |       |       |     2 |       |       ||     3
         Boomerang         |       |       |       |       |       |       |       |       |   199 ||   199
 Invoke: Berserk           |       |     2 |     3 |     9 |     9 |    17 |    12 |     4 |       ||    56
         Trog's Hand       |       |       |     2 |     2 |     4 |     9 |     4 |    11 |       ||    32
         Brothers in Arms  |       |       |       |     1 |     3 |     3 |     4 |     2 |     4 ||    17
         Stomp             |       |       |       |       |       |       |       |       |     1 ||     1
         Line Pass         |       |       |       |       |       |       |       |       |     1 ||     1
         Grand Finale      |       |       |       |       |       |       |       |       |     2 ||     2
  Evoke: Wand              |       |       |       |     5 |       |     5 |     4 |     4 |     5 ||    23
    Use: Scroll            |       |       |     6 |     7 |    12 |     7 |     9 |     2 |     2 ||    45
         Potion            |       |       |       |       |       |     3 |     2 |     5 |     1 ||    11
   Stab: Sleeping          |     2 |       |       |       |       |       |       |       |       ||     2
         Distracted        |       |       |       |     1 |       |     1 |     1 |       |     1 ||     4
         Held in net/web   |       |       |       |       |       |       |     3 |       |       ||     3
         Paralysed         |       |       |       |       |       |       |       |       |   133 ||   133
 Armour: Animal skin       |    18 |       |       |       |       |       |       |       |       ||    18
         Leather armour    |    28 |     4 |       |       |       |       |       |       |       ||    32
         Ring mail         |       |    33 |       |       |       |       |       |       |       ||    33
         Skin              |       |    23 |       |       |       |       |       |       |       ||    23
         Chain mail        |       |     3 |    86 |    22 |       |       |       |       |       ||   111
         Plate armour      |       |       |       |   246 |   411 |  1016 |   966 |   649 |   779 ||  4067
  Dodge: Dodged            |    46 |    44 |   115 |   186 |   294 |   433 |   573 |   912 |   913 ||  3516
  Block: Other             |       |       |       |       |       |       |    98 |     4 |       ||   102
         Reflection        |       |       |       |       |       |       |     4 |       |       ||     4

Table legend: (Time is in decaauts)
 A = Elapsed time spent in this place.
 B = Non-inter-level travel time spent in this place.
 C = Inter-level travel time spent in this place.
 D = Time resting spent in this place.
 E = Time spent auto-exploring this place.
 F = Levels seen in this place.
 G = Mean time per level.
                   A        B        C        D        E       F      G
               +--------+--------+--------+--------+--------+-----+--------+
         Total |  83645 |  69337 |  14308 |  19360 |  35414 |  65 | 1286.8 |
       Dungeon |  19340 |  14341 |   4999 |   1911 |   9787 |  15 | 1289.3 |
          Lair |   7274 |   5306 |   1968 |   1222 |   2706 |   5 | 1454.8 |
        Shoals |   4949 |   4410 |    539 |   1053 |   2460 |   4 | 1237.2 |
     Snake Pit |   7145 |   5735 |   1410 |   1515 |   3133 |   4 | 1786.2 |
    Slime Pits |   3690 |   3452 |    238 |    912 |   1733 |   5 |  738.0 |
  Orcish Mines |   2381 |   1664 |    717 |    405 |    962 |   2 | 1190.5 |
   Elven Halls |   5401 |   4826 |    575 |   1821 |   1977 |   3 | 1800.3 |
        Vaults |  13101 |  11023 |   2078 |   4537 |   4881 |   5 | 2620.2 |
         Crypt |   4324 |   4013 |    311 |   1598 |   1556 |   3 | 1441.3 |
        Depths |   6752 |   5730 |   1022 |   1580 |   2917 |   4 | 1688.0 |
          Hell |    717 |    696 |     21 |     72 |    324 |   1 |  717.0 |
       Cocytus |    831 |    831 |      0 |    444 |      0 |   4 |  207.8 |
           Zot |   5065 |   4641 |    424 |   1250 |   2608 |   4 | 1266.2 |
         Abyss |   2097 |   2097 |      0 |    957 |    259 |   3 |  699.0 |
        Bazaar |    171 |    171 |      0 |      0 |      0 |   1 |  171.0 |
         Trove |    129 |    129 |      0 |      0 |     46 |   1 |  129.0 |
        Bailey |    271 |    271 |      0 |     76 |     60 |   1 |  271.0 |
               +--------+--------+--------+--------+--------+-----+--------+

Top non-repeatable levels by time:
Vaults:1: 3267 daAuts
Vaults:2: 3191 daAuts
Vaults:3: 2782 daAuts
    D:12: 2298 daAuts
 Snake:3: 2217 daAuts
Vaults:4: 2155 daAuts
Depths:4: 2145 daAuts
  Lair:2: 2109 daAuts
  Lair:5: 2107 daAuts
   Elf:2: 2044 daAuts
     D:9: 1911 daAuts
 Snake:4: 1840 daAuts
 Crypt:3: 1809 daAuts
 Snake:1: 1799 daAuts
    D:14: 1770 daAuts
